 Dungeon Crawl Stone Soup version 0.19.1 (webtiles) character file.

146 sveltemanboy the Chiller (level 5, -2/35 HPs)
             Began as a Merfolk Ice Elementalist on Dec 3, 2016.
             Slain by Crazy Yiuf
             ... wielding a +2 quarterstaff of chaos
              (12 damage)
             ... on level 2 of the Dungeon.
             The game lasted 00:06:50 (2599 turns).

sveltemanboy the Chiller (Merfolk Ice Elementalist) Turns: 2599, Time: 00:06:51

Health: -2/35      AC:  3    Str:  8    XL:     5   Next: 28%
Magic:  0/8        EV: 13    Int: 16    God:
Gold:   127        SH:  0    Dex: 14    Spells: 3 memorised, 2 levels left

rFire  . . .     SeeInvis .     (no weapon)
rCold  . . .     Gourm    .     a - +1 robe
rNeg   . . .     Faith    .     (no shield)
rPois  .         Spirit   .     (no helmet)
rElec  .         Reflect  .     (no cloak)
rCorr  .         Harm     .     (no gloves)
MR     .....                    (no boots)
Stlth  ++........               j - amulet of rage
                                (no ring)
                                (no ring)

@: very slightly contaminated, drained
A: change form in water, swift swim, stealthy swim
a: Evoke Berserk Rage


You were on level 2 of the Dungeon.
You were not hungry.

You visited 1 branch of the dungeon, and saw 2 of its levels.

You collected 127 gold pieces.

Inventory:

Armour
 a - a +1 robe (worn)
Jewellery
 j - an amulet of rage (around neck)
Wands
 g - a wand of disintegration (11/24)
Scrolls
 i - a scroll of enchant armour
Books
 b - a book of Frost

   Spells                             Type                      Level
   a - Freeze                         Ice                          1
   b - Throw Frost                    Conjuration/Ice              2
   c - Ozocubu's Armour               Charms/Ice                   3
   d - Throw Icicle                   Conjuration/Ice              4
   e - Summon Ice Beast               Ice/Summoning                4
Comestibles
 c - 3 bread rations


   Skills:
 - Level 2.6(2.3) Dodging
 - Level 2.1(1.8) Stealth
 - Level 2.0(1.6) Spellcasting
 - Level 0.7(0.4) Conjurations
 + Level 6.4(6.0) Ice Magic


You had 2 spell levels left.
You knew the following spells:

 Your Spells              Type           Power        Failure   Level  Hunger
a - Freeze                Ice            ###.         1%          1    ##.....
b - Throw Frost           Conj/Ice       ##....       10%         2    ###....
c - Ozocubu's Armour      Chrm/Ice       ##......     21%         3    ####...


Dungeon Overview and Level Annotations

Branches:
Dungeon (2/15)

Altars:

Annotations:
D:2 Crazy Yiuf


Message History

Aim: Crazy Yiuf, wielding a quarterstaff of chaos and wearing a cloak (severely wounded)
You freeze Crazy Yiuf.
Crazy Yiuf is severely wounded.
Crazy Yiuf drinks a potion.
Crazy Yiuf is healed!
It was a potion of mutation.
You feel extremely strange.
Your vision blurs.
Your body twists and deforms.
You feel your magical essence link to your wands.
Crazy Yiuf hits you with a quarterstaff of chaos!
You feel drained.
* * * LOW HITPOINT WARNING * * *
It was a potion of cure mutation.
It has a very clean taste.
Your body's shape seems more normal.
Your vision sharpens.
Your magical essence is no longer linked to your wands.
Crazy Yiuf misses you.
Okay, then.
As you read the scroll labeled YTHRES TU OCIYDIA, it crumbles to dust.
It is a scroll of identify.
g - a wand of disintegration (11/24) Crazy Yiuf hits you with a quarterstaff of chaos!
You die...

#.#.............
#.#.............
#.#.........####
########..[##
#..## ##.# ###
#####.# #)..###
##P....#
#...g@####PP....#
#...##..#.P#...##
### ###.#....##
#############
#...<.# #####.###
#...# ###.# #..


You could see Crazy Yiuf.

Vanquished Creatures
  Terence (D:2)
  Ijyb (D:2)
  4 adders (D:2)
  2 dart slugs (D:1)
  4 leopard geckos
  2 giant cockroaches (D:1)
  6 goblins
  4 hobgoblins
  9 kobolds
  A quokka (D:2)
  A ball python (D:1)
  6 bats
  2 frilled lizards (D:2)
  12 rats
  A fungus (D:2)
56 creatures vanquished.

Notes
Turn   | Place    | Note
-------+----------+-------------------------------------------
     0 | D:1      | sveltemanboy the Merfolk Ice Elementalist began the quest for the Orb.
     0 | D:1      | Reached XP level 1. HP: 13/13 MP: 3/3
   135 | D:1      | Reached XP level 2. HP: 15/19 MP: 1/5
   159 | D:1      | Reached skill level 4 in Ice Magic
   204 | D:1      | Learned a level 2 spell: Throw Frost
   639 | D:1      | Reached XP level 3. HP: 24/24 MP: 4/6
  1082 | D:2      | Noticed Ijyb
  1150 | D:2      | Killed Ijyb
  1150 | D:2      | Reached skill level 5 in Ice Magic
  1150 | D:2      | Reached XP level 4. HP: 4/30 MP: 0/7
  1674 | D:2      | Noticed Terence
  1682 | D:2      | Killed Terence
  1878 | D:2      | Reached skill level 6 in Ice Magic
  1928 | D:2      | Reached XP level 5. HP: 29/35 MP: 2/8
  1985 | D:2      | Learned a level 3 spell: Ozocubu's Armour
  2587 | D:2      | Found a runed door.
  2591 | D:2      | Noticed Crazy Yiuf
  2597 | D:2      | Gained mutation: Scrolls take you a little longer to read. [potion of mutation]
  2597 | D:2      | Gained mutation: Armour fits poorly on your strangely shaped body. [potion of mutation]
  2597 | D:2      | Gained mutation: You expend magic power (3 MP) to strengthen your wands. [potion of mutation]
  2598 | D:2      | Lost mutation: Armour fits poorly on your strangely shaped body. [potion of cure mutation]
  2598 | D:2      | Lost mutation: Scrolls take you a little longer to read. [potion of cure mutation]
  2598 | D:2      | Lost mutation: You expend magic power (3 MP) to strengthen your wands. [potion of cure mutation]
  2599 | D:2      | Slain by Crazy Yiuf

Skill      XL: |  1  2  3  4 |
---------------+-------------+-----
Ice Magic      | 4 5 6 |  6.4
Dodging        | |  2.6
Stealth        | |  2.1
Spellcasting   | |  2.0
Conjurations   | |  0.7

Action                   |  1- 3 |  4- 6 || total
-------------------------+-------+-------++-------
Melee: Unarmed           |    15 |    71 ||    86
 Cast: Freeze            |    40 |    38 ||    78
       Throw Frost       |     5 |    14 ||    19
  Use: Scroll            |       |     4 ||     4
       Potion            |       |     2 ||     2
 Stab: Distracted        |       |     1 ||     1
  Eat: Chunk             |     2 |     6 ||     8
Armor: Robe              |     5 |     5 ||    10
Dodge: Dodged            |    18 |    21 ||    39
